 Dungeon Crawl Stone Soup version 0.32-a0-705-g60f233581c (webtiles) character file.

Game seed: 216670870057774404

482 Dirtsage the Changeling (level 7, -5/46 HPs)
             Began as an Octopode Shapeshifter on Mar 14, 2024.
             Slain by an ogre
             ... wielding a +0 giant club
              (31 damage)
             ... on level 5 of the Dungeon.
             The game lasted 00:06:33 (3892 turns).

Dirtsage the Changeling (Octopode Shapeshifter)     Turns: 3892, Time: 00:06:34

Health: -5/46      AC:  5    Str: 13    XL:     7   Next: 12%
Magic:  7/7        EV: 17    Int: 12    God:
Gold:   34         SH:  4    Dex: 14    Spells: 6/6 levels left

rFire   . .          .
                       - Unarmed
rCold   . . .        l - +0 buckler
rNeg    . . .        (helmet currently unavailable)
rPois   .            (no amulet)
rElec   .            i - +4 ring of protection
rCorr   .            u - +5 ring of evasion
SInv    .            (no ring)
Will    .....        (no ring)
Stlth   ++           (no ring)
HPRegen 0.27/turn    (no ring)
MPRegen 0.10/turn    (no ring)
                     (no ring)

%: no passive effects
@: beast-form
A: beast (slay +2), almost no armour, amphibious, 8 rings, camouflage 1,
gelatinous body 1, (nimble swimmer 1), tentacles
a: Begin Untransformation


You were on level 5 of the Dungeon.
You were a hulking beast.
You visited 1 branch of the dungeon, and saw 5 of its levels.

You collected 970 gold pieces.
You spent 936 gold pieces at shops.

Inventory:

Armour
 l - a +0 buckler (worn)
 q - a +0 kite shield
Jewellery
 i - a +4 ring of protection (left tentacle)
 u - a +5 ring of evasion (right tentacle)
Talismans
 b - a beast talisman (active)
 c - a flux talisman
Wands
 g - a wand of charming (19)
 s - a wand of acid (5)
 v - a wand of flame (16)
Scrolls
 d - a scroll of summoning {unknown}
 f - a scroll of amnesia {unknown}
 h - a scroll of fog
 j - a scroll of enchant armour {unknown}
 p - a scroll of noise {unknown}
 r - a scroll of blinking {unknown}
 t - a scroll of teleportation
 x - a scroll of poison {unknown}
Potions
 a - a potion of lignification
 e - 2 potions of ambrosia {unknown}
 k - 2 potions of might {unknown}
 m - a potion of haste {unknown}
 n - a potion of resistance
 o - 3 potions of invisibility {unknown}
 w - 2 potions of degeneration {unknown}
 z - a potion of brilliance
 A - 2 potions of curing {unknown}


   Skills:
 + Level 3.1 Fighting
 + Level 3.6 Dodging
 + Level 4.4 Unarmed Combat
 * Level 5.1 Shapeshifting


You had 6 spell levels left.
You didn't know any spells.
Your spell library contained the following spells:

 Spells                   Type           Power      Damage    Failure   Level
 Magic Dart               Conj           0%         1d3       43%         1
 Blink                    Tloc           0%         N/A       56%         2
 Call Imp                 Summ           0%         N/A       56%         2


Dungeon Overview and Level Annotations

Branches:
Dungeon (5/15)
 Temple: D:4-7

Altars:
Vehumet

Shops:
D:1 ((*   D:3 =

Annotations:
D:4 1 runed translucent door, Crazy Yiuf


Innate Abilities, Weirdness & Mutations

You are a hulking beast.
Your limbs bulge with bestial killing power. (Slay +2)
You cannot wear most types of armour.
You are amphibious.
You can wear up to eight rings at the same time.
Your skin changes colour to match your surroundings (Stealth+).
Your rubbery body absorbs attacks. (AC +1, EV +1)
((You are camouflaged when in or above water. (Stealth+)))
You have tentacles for arms and can constrict up to eight enemies at once.


Message History

A hound comes into view.
The hound barks!
You block the hound's attack.
You bludgeon the hound! You grab the hound. Your squeeze misses the hound.
The hound is heavily wounded.
You constrict the hound. The hound bites you but does no damage.
You tentacle-slap the hound. x2
You kill the hound!
No target in view!
No target in view!
You now have 20 gold pieces (gained 14).
You now have enough gold to buy a bubbling golden potion on D:1, buy a cyan potion on D:1, buy a scroll labelled BONKEPH TYTU on D:1, buy a scroll labelled JYANUNE FESA on D:1, or buy a scroll labelled XOMI NOWUCH on D:1.
You can access your shopping list by pressing '$'.
You now have 34 gold pieces (gained 14).
k - 2 bubbling blue potions (gained 1)
You see here a hound corpse.
There is a stone staircase leading up here.
Found a stone staircase leading up.
You see here 3 stones.
An ogre comes into view. It is wielding a +0 giant club.
The ogre shouts!
The ogre moves out of view.
Found a chain mail.
Found a stone staircase leading down.
You bludgeon the ogre!
The ogre is moderately wounded.
The ogre completely misses you.
You bludgeon the ogre!
The ogre is heavily wounded.
The ogre hits you with a +0 giant club!!
You take 21 damage, and have 25/46 hp.
MASSIVE DAMAGE!!
You tentacle-slap the ogre. Your squeeze misses the ogre.
The ogre is severely wounded.
You bludgeon the ogre!
The ogre is almost dead.
The ogre closely misses you.
You completely miss the ogre. You squeeze the ogre.
The ogre is almost dead.
The ogre hits you with a +0 giant club!!
Ouch! That really hurt!
You die...

.###############
...############
.#............#
.######.......# ##
##.(....# #######
#######.......# .......
.......<......### .......
#..#####........###.......
..# #......#.hO........ .#
#......#####....... .#
######## [...... # .O.....
....... ...>... ###.### .#


You could see an ogre.

Vanquished Creatures
  A phantom (D:4)
  3 hounds
  3 jellies (D:4)
  Natasha (twice) (D:4)
  A gnoll (D:4)
  6 adders
  4 ribbon worms (D:2)
  7 orcs
  9 ball pythons
  4 bats
  7 endoplasms
  7 giant cockroaches
  11 goblins
  11 hobgoblins
  3 jackals (D:3)
  4 quokkas
  2 frilled lizards (D:3)
  6 kobolds
  3 rats
94 creatures vanquished.

Notes
Turn   | Place    | Note
-------+----------+-------------------------------------------
     0 | D:1      | Dirtsage the Octopode Shapeshifter began the quest for the
                  | Orb.
     0 | D:1      | Reached XP level 1. HP: 13/13 MP: 1/1
    58 | D:1      | Reached XP level 2. HP: 14/18 MP: 2/2
   182 | D:1      | Found Cureanoh's Assorted Antiques.
   358 | D:1      | Found Gouwinir's Antique Weapon Shoppe.
   412 | D:1      | Reached XP level 3. HP: 23/23 MP: 3/3
   761 | D:1      | Found Yvejof's Weapon Emporium.
   950 | D:2      | Reached XP level 4. HP: 13/29 MP: 4/4
  1659 | D:3      | Reached skill level 4 in Shapeshifting
  1755 | D:3      | Found Arusoopt's Jewellery Boutique.
  1783 | D:3      | Reached XP level 5. HP: 30/34 MP: 5/5
  2352 | D:4      | Found a radiant altar of Vehumet.
  2459 | D:4      | Noticed Natasha
  2466 | D:4      | Killed Natasha
  2679 | D:4      | Reached XP level 6. HP: 25/41 MP: 6/6
  2982 | D:4      | Identified a scroll of acquirement
  2982 | D:4      | Acquired 720 gold pieces
  3202 | D:4      | Reached skill level 5 in Shapeshifting
  3241 | D:3      | Bought a +4 ring of protection for 468 gold pieces
  3241 | D:3      | Bought a +5 ring of evasion for 468 gold pieces
  3514 | D:4      | Noticed Natasha
  3522 | D:4      | Killed Natasha
  3523 | D:4      | Reached XP level 7. HP: 46/46 MP: 7/7
  3694 | D:4      | Found a runed translucent door.
  3695 | D:4      | Noticed Crazy Yiuf
  3733 | D:5      | Entered Level 5 of the Dungeon
  3892 | D:5      | Slain by an ogre

Illustrated notes

Levels and vault maps discovered:
D:1:      lightli_iron_boxes, layout_basic, serial_shops, shop,
          nicolae_shop_back_alley_shop, nicolae_lakefront_shop,
          minmay_misc_feat_nine_boxes, dreamdust_mushroom_princess
D:2:      layout_rooms, nicolae_underground_beach
D:3:      layout_loops_cross, serial_shops, shop_statue, grunt_decor_clamped,
          minmay_misc_feat_cross
D:4:      layout_cave_pods, fiery_altar_vehumet,
          minmay_fractal_squares_diagonal_5, uniq_crazy_yiuf_cottage,
          uniq_natasha
D:5:      layout_rooms, uniq_edmund, uniq_eustachio, uniq_prince_ribbit1,
          uniq_ijyb

Skill      XL: |  1  2  3  4  5  6 |
---------------+-------------------+-----
Fighting       | 2 3 |  3.1
Shapeshifting  | 4 5 |  5.1
Dodging        | 3 |  3.6
Unarmed Combat | 4 |  4.4

Action                     |  1- 3 |  4- 6 |  7- 9 || total
---------------------------+-------+-------+-------++-------
  Melee: Unarmed           |    60 |   110 |    12 ||   182
         Constrict         |    15 |    34 |     2 ||    51
         Tentacles         |     7 |    23 |     3 ||    33
         Punch             |     1 |     7 |     3 ||    11
  Evoke: Wand              |       |     5 |       ||     5
    Use: Scroll            |       |     5 |       ||     5
   Stab: Sleeping          |     2 |     9 |       ||    11
         Distracted        |     1 |       |       ||     1
 Armour: Skin              |    28 |    39 |     3 ||    70
  Dodge: Dodged            |    30 |    47 |     2 ||    79
  Block: Buckler           |       |    12 |     1 ||    13

Table legend: (Time is in decaauts)
 A = Elapsed time spent in this place.
 B = Non-inter-level travel time spent in this place.
 C = Inter-level travel time spent in this place.
 D = Time resting spent in this place.
 E = Time spent auto-exploring this place.
 F = Levels seen in this place.
 G = Mean time per level.
                   A        B        C        D        E       F      G
               +--------+--------+--------+--------+--------+-----+--------+
         Total |   3883 |   3722 |    161 |    110 |   3036 |   5 |  776.6 |
       Dungeon |   3883 |   3722 |    161 |    110 |   3036 |   5 |  776.6 |
               +--------+--------+--------+--------+--------+-----+--------+

Top non-repeatable levels by time:
     D:4: 1442 daAuts
     D:1: 895 daAuts
     D:3: 814 daAuts
     D:2: 572 daAuts
     D:5: 158 daAuts
